 Dungeon Crawl Stone Soup version 0.22-a0-782-g038298e (webtiles) character file.

191 Ijustatesigmund the Chopper (level 5, -4/37 HPs)
             Began as an Octopode Fighter on July 19, 2018.
             Was an Initiate of the Shining One.
             Slain by a scorpion (8 damage)
             ... on level 4 of the Dungeon.
             The game lasted 00:07:06 (2502 turns).

Ijustatesigmund the Chopper (Octopode Fighter)      Turns: 2502, Time: 00:07:08

Health: -4/37      AC:  1    Str: 15    XL:     5   Next: 70%
Magic:  5/5        EV: 12    Int: 11    God:    the Shining One [......]
Gold:   170        SH:  8    Dex: 12    Spells: 4/4 levels left

rFire    . . .     SeeInvis .   a - +0 war axe
rCold    . . .     Gourm    .   b - +0 shield
rNeg     . . .     Faith    .   (helmet restricted)
rPois    .         Spirit   .   (no amulet)
rElec    .         Reflect  .   (no ring)
rCorr    .         Harm     .   (no ring)
MR       .....                  (no ring)
Stlth    +.........             (no ring)
HPRegen  0.12/turn              (no ring)
MPRegen  0.09/turn              (no ring)
                                (no ring)
                                (no ring)

@: berserk cooldown, slowed, glowing, very slow
A: almost no armour, stealthy swim, amphibious, 8 rings, constrict 8, camouflage
1, gelatinous body 1
a: Renounce Religion


You were on level 4 of the Dungeon.
You worshipped the Shining One.
The Shining One was noncommittal.
You were hungry.

You visited 1 branch of the dungeon, and saw 4 of its levels.

You collected 170 gold pieces.

Inventory:

Hand Weapons
 a - a +0 war axe (weapon)
Missiles
 m - a throwing net (quivered)
Armour
 b - a +0 shield (worn)
Jewellery
 o - an uncursed ring of ice
Scrolls
 h - 2 scrolls of remove curse
Potions
 c - a potion of might
 e - a potion of brilliance
 k - a potion of degeneration {unknown}
 l - a potion of invisibility {unknown}
Comestibles
 d - 6 rations


   Skills:
 + Level 4.1 Fighting
 * Level 4.6 Axes
 + Level 3.2 Dodging
 + Level 3.2 Shields


You had 4 spell levels left.
You didn't know any spells.
Your spell library was empty.

Dungeon Overview and Level Annotations

Branches:
Dungeon (4/15)
 Temple: D:4-7

Altars:
Makhleb
Qazlal
The Shining One

Annotations:
D:4 1 transporter


Innate Abilities, Weirdness & Mutations

You cannot wear most types of armour.
You are very stealthy in the water. (Stealth+)
You are amphibious.
You can wear up to eight rings at the same time.
You can use your tentacles to constrict eight enemies at once.
Your skin changes colour to match your surroundings (Stealth+).
Your rubbery body absorbs attacks. (AC +1, EV +1)


Message History

You feel sick.
The phantom blinks!
An orc comes into view. It is wielding a short sword.
You feel sick. You block the orc priest's attack.
You feel your anger nearly subside.
You are no longer berserk.
You are exhausted.
You feel yourself slow down.
* * * LOW HITPOINT WARNING * * *
You feel sick.
The orc priest hits you from afar with a trident!
* * * LOW HITPOINT WARNING * * *
The hound stops to sniff the ground.
The scorpion stings you.
* * * LOW HITPOINT WARNING * * *
You feel better. The hound misses you.
The orc priest hits you from afar with a trident.
* * * LOW HITPOINT WARNING * * *
The hound bites you.
* * * LOW HITPOINT WARNING * * *
The scorpion stings you!
You die...

..)..(.. .o #..#####
#.## #...## ..# #.#..#
#.# #.##.#
##########.#### #)##.# #
.....[...o....###.##.###
...................(....
..=....@ho%.....o.###..#
........s...##.##.# #...
........$...##.##.# #..#
..<.........##....###..#
............####†....(.#
......[....## #...#.##..
..........## #..##.##..
########### #..##.....
#.#####...


You could see a scorpion (inner flame), a hound (inner flame) and 2 orc priests.

Vanquished Creatures
  An orc priest (D:3)
  A worker ant (D:4)
  A worker ant zombie (D:4)
  Robin (D:3)
  3 adders (D:2)
  2 oozes (D:2)
  2 worms
  A dart slug (D:1)
  2 leopard geckos
  3 orcs
  2 ball pythons
  2 giant cockroaches
  11 goblins
  9 hobgoblins
  4 jackals (D:1)
  5 kobolds
  A quokka (D:4)
  5 bats
  7 frilled lizards
  9 rats
72 creatures vanquished.

Notes
Turn   | Place    | Note
-------+----------+-------------------------------------------
     0 | D:1      | Ijustatesigmund the Octopode Fighter began the quest for the Orb.
     0 | D:1      | Reached XP level 1. HP: 16/16 MP: 1/1
   180 | D:1      | Reached XP level 2. HP: 21/21 MP: 2/2
   699 | D:2      | Reached XP level 3. HP: 21/26 MP: 3/3
   920 | D:2      | Noticed an air elemental
   924 | D:2      | Found a stormy altar of Qazlal.
   927 | D:2      | Noticed an earth elemental
   927 | D:2      | Noticed a water elemental
   927 | D:2      | Noticed a fire elemental
  1062 | D:2      | Found a glowing golden altar of the Shining One.
  1069 | D:2      | Became a worshipper of the Shining One
  1091 | D:2      | Reached XP level 4. HP: 32/32 MP: 4/4
  1261 | D:3      | Noticed Robin
  1741 | D:3      | Killed Robin
  1990 | D:3      | Reached XP level 5. HP: 37/37 MP: 5/5
  2038 | D:3      | Found a burning altar of Makhleb.
  2038 | D:3      | Noticed a cacodemon
  2420 | D:4      | Found a transporter.
  2485 | D:4      | Noticed a phantom
  2501 | D:4      | HP: 1/37 [scorpion (1)]
  2502 | D:4      | Slain by a scorpion

Vault maps used:
D:1:      minmay_arrival_glassed_features, hex_large, hangedman_decor_riveting
D:2:      nicolae_qazlal_style_of_elements, tso_altar
D:3:      makhleb_altar_promises_db, first_ration, uniq_robin
D:4:      gammafunk_steamed_eel, gammafunk_temple_overflow_statue,
          lemuel_temple_firewalk_b

Skill      XL: |  1  2  3  4  5 |
---------------+----------------+-----
Axes           | 3 4 |  4.6
Fighting       | 4 |  4.1
Dodging        | |  3.2
Shields        | |  3.2

Action                   |  1- 3 |  4- 6 || total
-------------------------+-------+-------++-------
Melee: War axe           |    51 |    79 ||   130
       Constrict         |    10 |    26 ||    36
       Tentacles         |     8 |    16 ||    24
  Use: Scroll            |     6 |     3 ||     9
       Potion            |       |     4 ||     4
 Stab: Sleeping          |     7 |       ||     7
  Eat: Ration            |       |     1 ||     1
       Chunk             |       |     1 ||     1
Armor: Skin              |       |     7 ||     7
Dodge: Dodged            |    33 |    57 ||    90
Block: Shield            |    19 |    41 ||    60

Table legend:
 A = Spawn XP
 B = Non-spawn XP
 C = Spawn XP percentage of total XP
 D = Spawn monster count
 E = Non-spawn monster count
 F = Spawn count percentage of total count
 G = Total turns spent on level
                    A         B        C        D         E        F      G
               +---------+---------+-------+---------+---------+-------+---------
         Total |       0 |     274 |   0.0 |       0 |      72 |   0.0 |  2502
               +---------+---------+-------+---------+---------+-------+---------
           D:1 |       0 |      31 |   0.0 |       0 |      18 |   0.0 |   688
           D:2 |       0 |      93 |   0.0 |       0 |      28 |   0.0 |  1031
           D:3 |       0 |      86 |   0.0 |       0 |      19 |   0.0 |   648
           D:4 |       0 |      64 |   0.0 |       0 |       7 |   0.0 |   135
               +---------+---------+-------+---------+---------+-------+---------
